 Dungeon Crawl Stone Soup version 0.25.1-2-g60ff931df9 (webtiles) character file.

Game seed: 16084665543175862019

22558 Peloso the Carver (level 12, 0/108 HPs)
             Began as a Minotaur Fighter on Aug 16, 2020.
             Was a High Priest of Okawaru.
             Shot with a bolt by a yaktaur (12 damage)
             ... in a volcano.
             The game lasted 00:27:10 (17363 turns).

Peloso the Carver (Minotaur Fighter)               Turns: 17363, Time: 00:27:10

Health: 0/108      AC: 19    Str: 24    XL:     12   Next: 64%
Magic:  12/12      EV:  9    Int:  5    God:    Okawaru [*****.]
Gold:   662        SH: 13    Dex: 12    Spells: 11/11 levels left

rFire    . . .     SeeInvis .   a - +1 double sword (holy)
rCold    . . .     Gourm    .   c - +0 kite shield
rNeg     . . .     Faith    .   E - +0 plate armour
rPois    .         Spirit   .   I - +1 hat
rElec    .         Reflect  .   B - +0 cloak
rCorr    .         Harm     .   m - +0 pair of gloves
MR       .....                  (no boots)
Stlth    ..........             (no amulet)
HPRegen  0.28/turn              (no ring)
MPRegen  0.13/turn              (no ring)

@: no status effects
A: retaliatory headbutt, horns 2
a: Heroism, Finesse, Renounce Religion


You were in a volcano.
You worshipped Okawaru.
Okawaru was extremely pleased with you.
You were not hungry.

You visited 3 branches of the dungeon, and saw 16 of its levels.
You visited the Abyss 1 time.
You also visited: Volcano.

You collected 766 gold pieces.
You spent 104 gold pieces at shops.

Inventory:

Hand Weapons
 a - a +1 double sword of holy wrath (weapon)
 b - a +1 long sword of flaming
Missiles
 x - 81 bolts
Armour
 c - a +0 kite shield (worn)
 m - a +0 pair of gloves (worn)
 B - a +0 cloak (worn)
 E - a +0 plate armour (worn)
 I - a +1 hat (worn)
Wands
 y - a wand of polymorph (6)
 z - a wand of disintegration (32)
 F - a wand of digging (10)
Scrolls
 d - a scroll of enchant armour {unknown}
 e - a scroll of silence {unknown}
 g - a scroll of fog
 h - 3 scrolls of identify
 i - 5 scrolls of amnesia
 j - 5 scrolls of fear
 k - 6 scrolls of teleportation
 l - 12 scrolls of remove curse
 p - 3 scrolls of immolation
 t - 2 scrolls of magic mapping
 v - a scroll of brand weapon
 w - a scroll of blinking
 G - 2 scrolls of holy word {unknown}
 H - 4 scrolls of enchant weapon
Potions
 n - 6 potions of curing
 q - a potion of ambrosia
 s - a potion of invisibility
 A - 3 potions of stabbing
 C - a potion of flight
 D - a potion of heal wounds
Comestibles
 f - 21 rations


   Skills:
 + Level 10.7 Fighting
 + Level 14.5 Long Blades
 + Level 12.4 Armour
 + Level 4.4 Dodging
 + Level 1.6 Stealth
 + Level 12.2 Shields
 + Level 2.0 Invocations


You had 11 spell levels left.
You didn't know any spells.
Your spell library contained the following spells:

 Spells                   Type           Power        Failure   Level  Hunger
 Freeze                   Ice            #...         100%        1    ##.....
 Magic Dart               Conj           #...         100%        1    ##.....
 Blink                    Tloc           N/A          100%        2    ###....
 Call Imp                 Summ           #.......     100%        2    ###....
 Searing Ray              Conj           #.....       100%        2    ###....
 Slow                     Hex            #.......     100%        2    ###....
 Conjure Flame            Conj/Fire      #.......     100%        3    ####...
 Dazzling Flash           Conj/Hex       #.....       100%        3    ####...
 Frozen Ramparts          Ice            #.....       100%        3    ####...
 Mephitic Cloud           Conj/Pois/Air  #.......     100%        3    ####...
 Ozocubu's Armour         Chrm/Ice       #.......     100%        3    ####...
 Fulminant Prism          Conj/Hex       #.........   100%        4    #####..
 Hailstorm                Conj/Ice       #.......     100%        4    #####..
 Iskenderun's Mystic Bla  Conj/Tloc      #.......     100%        4    #####..
 Summon Ice Beast         Ice/Summ       #.......     100%        4    #####..


Dungeon Overview and Level Annotations

Branches:
Dungeon (12/15)            Temple (1/1) D:6            Lair (3/6) D:9
  Snake (0/4) Lair:2          Orc (0/2) D:9         Volcano (1/1)
  Swamp: Lair:2-4    Shoals: Lair:2-4

Altars:
Ashenzari
Cheibriados
Dithmenos
Elyvilon
Fedhas
Gozag
Hepliaklqana
Kikubaaqudgha
Makhleb
Nemelex Xobeh
Okawaru
Qazlal
Ru
Sif Muna
Trog
Uskayaw
Vehumet
Wu Jian
Xom
Yredelemnul
Zin
The Shining One
Beogh
Jiyva

Shops:
D:6 ?

Annotations:
Lair:2 3 runed translucent doors, luab's ghost, journeyman GnTm


Innate Abilities, Weirdness & Mutations

You reflexively headbutt those who attack you in melee.
You have a pair of horns on your head.


Message History

You hit the fire bat.
You kill the fire bat!
Okawaru accepts your kill.
You open the door.
There is an open door here.
You are engulfed in blazing flames.
Unknown command.
You are engulfed in blazing flames.
You are engulfed in blazing flames.
You are engulfed in blazing flames.
You are engulfed in blazing flames.
Okay, then.
You are engulfed in blazing flames.
* * * LOW HITPOINT WARNING * * *
A yaktaur comes into view.
It is wielding a +2 arbalest of flaming.
You are engulfed in blazing flames.
* * * LOW HITPOINT WARNING * * *
The yaktaur shouts!
You hear a shout! x3
The yaktaur shoots a bolt.
The bolt hits you!
You die...

#≈≈☼☼####.#..§≈≈≈≈§≈≈
####☼☼☼☼#.###...≈≈≈≈≈
#○○☼☼####.# #§...≈§§≈
####☼☼○○#.# ##..§§§§≈
#≈≈☼☼####.# ##..§≈§≈≈
####☼☼☼☼#.###8..§§§§≈
#☼☼☼☼####.'.......§§§
####☼☼☼☼#####8....§§≈
#☼☼☼@#### ####....§
#####...# ###.§.
##.8# ###. c# ## #


You could see an obsidian statue and a yaktaur.

Vanquished Creatures
  Gastronok (Lair:2)
  Josephine (D:10)
  3 two-headed ogres
  Urug (D:10)
  An unseen horror (D:11)
  The ghost of kalodont the Covert, a novice KoEn of Wu Jian (D:6)
  A cyclops (D:11)
  A black mamba (Lair:1)
  Psyche (D:10)
  2 spiny frogs
  A rime drake (Lair:2)
  2 komodo dragons (Lair:1)
  3 trolls
  Grinder (D:3)
  9 hippogriffs
  4 slime creatures (D:12)
  An ice dragon skeleton (Abyss:1)
  4 wraiths
  3 hogs (D:8)
  A wyvern (D:11)
  8 yaks
  5 fire bats (Volcano)
  A human (D:8)
  2 hungry ghosts
  3 nagas (Lair:2)
  A soldier ant (D:12)
  An acid dragon (D:10)
  A water moccasin (Lair:1)
  2 hell hounds (Lair:3)
  2 orc warriors
  A porcupine (Lair:2)
  4 sky beasts
  A hornet zombie (D:11)
  5 ice beasts
  A necrophage (D:12)
  A black bear (D:11)
  12 ogres
  An eye of draining (D:8)
  4 phantoms
  9 centaurs
  3 crocodiles (Lair:1)
  11 big kobolds
  10 bullfrogs
  A gnoll sergeant (D:7)
  2 scorpions
  A water moccasin skeleton (D:5)
  3 killer bees (D:10)
  7 crimson imps
  5 lava snakes (Volcano)
  2 jellies
  Crazy Yiuf (D:7)
  4 orc priests
  A gnoll shaman (D:4)
  4 hounds
  9 iguanas
  3 worker ants
  3 orc wizards
  A worker ant zombie (D:5)
  12 gnolls
  A howler monkey skeleton (D:7)
  7 adders
  2 shadow imps
  3 oozes
  An adder zombie (D:6)
  A worm (D:3)
  2 dart slugs
  7 leopard geckos
  29 orcs
  3 bats (D:1)
  9 giant cockroaches
  5 goblins
  7 hobgoblins
  20 jackals
  21 kobolds
  8 quokkas
  A ball python (D:1)
  7 frilled lizards
  A jackal zombie (D:6)
  A quokka skeleton (D:7)
  A quokka zombie (D:6)
  6 rats
  A spectral orc (D:2)
334 creatures vanquished.

Vanquished Creatures (others)
  An orc wizard (D:5)
  A fungus (Lair:1)
2 creatures vanquished.

Grand Total: 336 creatures vanquished

Notes
Turn   | Place    | Note
-------+----------+-------------------------------------------
     0 | D:1      | Peloso the Minotaur Fighter began the quest for the Orb.
     0 | D:1      | Reached XP level 1. HP: 19/19 MP: 0/0
    16 | D:1      | Noticed a merfolk zombie
   149 | D:1      | Reached XP level 2. HP: 27/27 MP: 1/1
   349 | D:1      | Reached XP level 3. HP: 29/33 MP: 2/2
   558 | D:1      | Reached skill level 3 in Long Blades
  1478 | D:2      | Reached XP level 4. HP: 35/40 MP: 3/3
  1523 | D:2      | Found a basalt altar of Yredelemnul.
  1765 | D:3      | Reached skill level 4 in Long Blades
  2062 | D:3      | Reached XP level 5. HP: 42/46 MP: 4/4
  2331 | D:3      | Found a faded altar of an unknown god.
  2628 | D:3      | Noticed Grinder
  2633 | D:3      | Paralysed by Grinder for 3 turns
  2643 | D:3      | Killed Grinder
  2643 | D:3      | Reached skill level 5 in Long Blades
  2643 | D:3      | Reached skill level 5 in Armour
  2643 | D:3      | Reached skill level 1 in Dodging
  2643 | D:3      | Reached skill level 5 in Shields
  2643 | D:3      | Reached XP level 6. HP: 22/52 MP: 5/5
  3302 | D:4      | Reached skill level 6 in Long Blades
  3345 | D:4      | Found a blossoming altar of Fedhas.
  3579 | D:4      | Reached XP level 7. HP: 60/60 MP: 6/6
  3767 | D:4      | Found a shimmering altar of Xom.
  4153 | D:5      | Entered Level 5 of the Dungeon
  4243 | D:5      | Reached skill level 7 in Long Blades
  4598 | D:5      | Reached XP level 8. HP: 43/67 MP: 7/7
  4765 | D:5      | Reached skill level 5 in Fighting
  4795 | D:5      | Found an opulent altar of Gozag.
  5675 | D:5      | Reached skill level 8 in Long Blades
  5731 | D:6      | Found a glowing golden altar of the Shining One.
  5858 | D:6      | Found a staircase to the Ecumenical Temple.
  5877 | Temple   | Entered the Ecumenical Temple
  5990 | Temple   | Became a worshipper of Warmaster Okawaru
  6136 | D:6      | Found Kufrec's Magic Scroll Shop.
  6157 | D:6      | Bought a scroll of identify for 26 gold pieces
  6157 | D:6      | Bought a scroll of identify for 26 gold pieces
  6157 | D:6      | Bought a scroll of identify for 26 gold pieces
  6164 | D:6      | Bought a scroll of identify for 26 gold pieces
  6365 | D:6      | Found a sacrificial altar of Ru.
  6372 | D:6      | Reached XP level 9. HP: 58/74 MP: 8/8
  6476 | D:6      | Found a runed translucent gate.
  6477 | D:6      | Found a runed translucent gate.
  6477 | D:6      | Noticed kalodont's ghost (novice KoEn)
  6478 | D:6      | Found a runed translucent gate.
  6478 | D:6      | Identified the +5 mace of Jyrayk {distort, Str+4}
  6483 | D:6      | Found a roughly hewn altar of Beogh.
  6672 | D:7      | Reached skill level 9 in Long Blades
  7253 | D:7      | Found a runed translucent door.
  7256 | D:7      | Noticed Crazy Yiuf
  7443 | D:7      | Found a bloodstained altar of Trog.
  7587 | D:7      | Killed Crazy Yiuf
  7845 | D:8      | Found a glowing silver altar of Zin.
  7856 | D:8      | Reached * piety under Okawaru
  7968 | D:8      | Reached skill level 10 in Long Blades
  8275 | D:8      | Reached skill level 1 in Stealth
  8282 | D:8      | Reached ** piety under Okawaru
  8739 | D:8      | Reached XP level 10. HP: 75/84 MP: 9/9
  9118 | D:9      | Identified the +3 long sword of the Bespelling Hawk
                  | {vorpal, *Rage rPois MR- Int+4}
  9296 | D:9      | Found a staircase to the Orcish Mines.
  9341 | D:9      | Noticed a two-headed ogre
  9356 | D:9      | Killed a two-headed ogre
  9356 | D:9      | Reached skill level 11 in Long Blades
  9584 | D:9      | Found a staircase to the Lair.
  9686 | D:10     | Entered Level 10 of the Dungeon
  9710 | D:10     | Noticed a two-headed ogre
  9722 | D:10     | Killed a two-headed ogre
  9722 | D:10     | Reached *** piety under Okawaru
  9722 | D:10     | Reached skill level 10 in Shields
  9934 | D:10     | Noticed a two-headed ogre
  9936 | D:10     | Noticed Urug
  9941 | D:10     | Killed a two-headed ogre
  9965 | D:10     | Killed Urug
  9965 | D:10     | Reached skill level 10 in Armour
  9965 | D:10     | Reached skill level 1 in Invocations
 10603 | D:10     | Reached skill level 12 in Long Blades
 10690 | D:10     | Reached **** piety under Okawaru
 10690 | D:10     | Reached XP level 11. HP: 63/92 MP: 10/10
 10804 | D:10     | You fall into a shaft and drop 2 floors!
 11762 | D:12     | Reached ***** piety under Okawaru
 12363 | D:11     | Found a shattered altar of Ashenzari.
 12697 | D:11     | Reached skill level 13 in Long Blades
 12719 | D:11     | Killed an unseen horror
 13396 | D:10     | Noticed Psyche
 13404 | D:10     | Killed Psyche
 13773 | D:10     | Noticed Josephine
 13788 | D:10     | Killed Josephine
 14381 | D:6      | Cast into level 1 of the Abyss (orc warrior)
 14381 | Abyss:1  | Found a corrupted altar of Lugonu.
 14385 | Abyss:1  | Reached XP level 12. HP: 91/104 MP: 12/12
 14415 | Abyss:1  | Found a corrupted altar of Lugonu.
 14417 | D:6      | Escaped the Abyss
 14433 | D:6      | Killed kalodont's ghost
 14433 | D:6      | Reached ****** piety under Okawaru
 14696 | Lair:1   | Entered Level 1 of the Lair of Beasts
 14830 | Lair:1   | Received a gift from Okawaru
 15197 | Lair:1   | Reached skill level 14 in Long Blades
 15987 | Lair:1   | Reached skill level 10 in Fighting
 16139 | Lair:2   | Identified the cursed +1 spear "Geqisen" {speed, +Fly MR+
                  | Str+3} (You found it on level 2 of the Lair of Beasts)
 16183 | Lair:2   | Found a staircase to the Snake Pit.
 16428 | Lair:2   | Found a sparkling altar of Nemelex Xobeh.
 16429 | Lair:2   | Found a runed translucent gate.
 16429 | Lair:2   | Found a runed translucent gate.
 16429 | Lair:2   | Found a viscous altar of Jiyva.
 16429 | Lair:2   | Found a runed translucent gate.
 16429 | Lair:2   | Noticed luab's ghost (journeyman GnTm)
 16429 | Lair:2   | Noticed a death ooze
 16724 | Lair:2   | Noticed Gastronok
 16741 | Lair:2   | Killed Gastronok
 17036 | Lair:3   | Found a dark tunnel.
 17049 | Volcano  | Entered a volcano
 17363 | Volcano  | Shot with a bolt by a yaktaur

Illustrated notes

Levels and vault maps discovered:
D:1:      shiori_arrival_whats_in_store_for_you, layout_basic
D:2:      layout_basic, yredelemnul_forgotten_temple_becter
D:3:      layout_rooms, first_ration, chequers_ecumenical_altar_island,
          serial_co_window_serial, co_window_corner_a, co_window_corner_a,
          co_window_paths_b, co_window_of_opportunity_a, co_window_paths_b,
          co_window_broadway_a, co_window_broadway_c, co_window_2corner,
          co_window_corner_ca, glass_columns_c, glass_columns_b,
          glass_columns_b, glass_columns_a, glass_columns_b, uniq_grinder
D:4:      layout_basic, lemuel_coloured_pillars_altar,
          fedhas_bush_and_centaur_altar
D:5:      layout_basic, kennysheep_mini
D:6:      layout_rooms, kennysheep_mini_moat, minmay_temple_entry_water_ring,
          serial_shops, shop_coins, biasface_ghost_orc_armoury,
          minmay_liquid_box, tso_metal_star
D:7:      layout_rooms, nicolae_overflow_hidden_temple, uniq_crazy_yiuf_cottage
D:8:      layout_basic, nicolae_overflow_crystal_walls, grunt_livestock
D:9:      layout_rooms, lair_entry_dummy, orc_0_dummy
D:10:     layout_stronghold, uniq_urug, uniq_psyche, uniq_josephine
D:11:     layout_long_grid, gammafunk_ghost_hydra_chop,
          nicolae_ashenzari_panopticon, uniq_nergalle
D:12:     layout_gridville
Temple:   nicolae_temple_elliptical
Lair:1:   layout_cave_pods
Lair:2:   layout_loops_ring, guppyfry_snake_entry_garden, gammafunk_ghost_ooze,
          basic_altar, infiniplex_staircase_pool, uniq_gastronok
Lair:3:   layout_roguey, enter_volcano_3, st_stairs_7, grunt_megastairs_3,
          lemuel_fruit_tree
Volcano:  volcano_grotto [vgs_trial_by_fire]

Skill      XL: |  1  2  3  4  5  6  7  8  9 10 11 12 |
---------------+-------------------------------------+-----
Shields        | 4 5 6 7 9 10 11 12 | 12.2
Armour         | 4 5 6 7 8 10 11 12 | 12.4
Long Blades    | 3 4 5 6 7 8 10 12 13 14 | 14.5
Fighting       | 4 5 6 7 9 10 | 10.7
Dodging        | 1 2 3 4 |  4.4
Stealth        | 1 |  1.6
Invocations    | 1 2 |  2.0

Action                   |  1- 3 |  4- 6 |  7- 9 | 10-12 || total
-------------------------+-------+-------+-------+-------++-------
Melee: Long sword        |    96 |    88 |   391 |    98 ||   673
       Headbutt          |    15 |    17 |    77 |   138 ||   247
       Double sword      |       |       |       |   461 ||   461
Invok: Heroism           |       |       |     1 |     7 ||     8
       Finesse           |       |       |       |     1 ||     1
  Use: Potion            |     1 |     6 |     1 |     4 ||    12
       Scroll            |       |     1 |     5 |    12 ||    18
 Stab: Sleeping          |       |       |       |     1 ||     1
  Eat: Chunk             |     2 |     6 |    17 |    16 ||    41
       Ration            |       |       |       |     4 ||     4
Armor: Scale mail        |    62 |    43 |    45 |       ||   150
       Chain mail        |       |       |   184 |       ||   184
       Plate armour      |       |       |       |   286 ||   286
Dodge: Dodged            |    37 |    40 |   125 |   157 ||   359
Block: Kite shield       |    61 |    51 |   264 |   395 ||   771
       Rpst.: Long sword |    10 |    10 |    36 |     6 ||    62
       Double sword      |       |       |       |    47 ||    47
